 Dungeon Crawl Stone Soup version 0.30.1-3-gfc49f6343a (webtiles) character file.

Game seed: 8709186179083019805

226 spardeous the Digger (level 5, -1/38 HPs)
             Began as a Demigod Earth Elementalist on July 26, 2023.
             Slain by a wraith (6 damage)
             ... in an ossuary.
             The game lasted 00:03:26 (3202 turns).

spardeous the Digger (Demigod Earth Elementalist)   Turns: 3202, Time: 00:03:27

Health: -1/38      AC:  5    Str:  6 (9)  XL:     5   Next: 41%
Magic:  0/12       EV: 12    Int: 19 (21) God:
Gold:   118        SH:  0    Dex: 13 (14) Spells: 6/10 levels left

rFire   . . .        d - +0 short sword (venom)
rCold   . . .        (no shield)
rNeg    . . .        a - +0 robe
rPois   +            (no helmet)
rElec   .            (no cloak)
rCorr   .            q - +0 pair of gloves
SInv    .            (no boots)
Will    .....        n - amulet of guardian spirit
Stlth   ++           (no ring)
HPRegen 0.26/turn    (no ring)
MPRegen 0.13/turn

%: guardian spirit
@: slowed, very slow
A: high MP 1, forlorn, divine attributes, iridescent scales 1, poison
resistance, sturdy frame 1
a: no special abilities


You were in an ossuary.
You visited 1 branch of the dungeon, and saw 4 of its levels.
You also visited: Ossuary.

You collected 118 gold pieces.

Inventory:

Hand Weapons
 d - a +0 short sword of venom (weapon)
Armour
 a - a +0 robe (worn)
 q - a +0 pair of gloves (worn)
Jewellery
 n - an amulet of guardian spirit (around neck)
 s - a +6 ring of strength
Wands
 t - a wand of iceblast (13)
Scrolls
 c - a scroll of vulnerability {unknown}
 f - 2 scrolls of teleportation {unknown}
 g - 9 scrolls of identify {unknown}
 k - a scroll of silence {unknown}
Potions
 e - a potion of mutation
 h - a potion of cancellation {unknown}
 j - a potion of lignification {unknown}
 l - a potion of haste {unknown}
 m - a potion of degeneration
 o - a potion of invisibility {unknown}
 p - 2 potions of heal wounds {unknown}
 r - 2 potions of brilliance {unknown}
 u - a potion of attraction {unknown}


   Skills:
 - Level 1.7 Dodging
 - Level 1.7 Stealth
 + Level 3.2 Spellcasting
 - Level 0.8 Transmutations
 - Level 5.1 Earth Magic


You had 6 spell levels left.
You knew the following spells:

 Your Spells              Type           Power      Damage    Failure   Level
a - Sandblast             Erth           44%        2d11      1%          1
b - Stone Arrow           Conj/Erth      24%        3d8       16%         3

Your spell library contained the following spells:

 Spells                   Type           Power      Damage    Failure   Level
 Passwall                 Tmut/Erth      11%        N/A       7%          2
 Petrify                  Tmut/Erth      14%        N/A       41%         4


Dungeon Overview and Level Annotations

Branches:
Dungeon (4/15)            Ossuary (1/1)
 Temple: D:4-7


Innate Abilities, Weirdness & Mutations

You have an increased reservoir of magic. (+10% MP)
You shall have no god before yourself.
Your divine heritage dramatically boosts your attributes as you level up.
You are partially covered in iridescent scales. (AC +2)
Your system is resistant to poisons. (rPois)
Your movements are slightly less encumbered by armour. (ER -2)


Message History

Confirm with . or Enter, or press ? or * to list all spells.
The spell is quite dangerous to miscast (14% risk of failure)!
Continue anyway?
Aiming: Stone Arrow (quite dangerous; 14% risk of failure)
Press: ? - help, Shift-Dir - straight line, f/p - wraith
Aim: a wraith (moderately damaged, 68% to hit)
The stone arrow hits the wraith!
The wraith is severely damaged.
The wraith closely misses you. The wraith hits you!
* * * LOW HITPOINT WARNING * * *
The wraith drains your vigour!
You feel as though you will be slow longer.
You take 8 damage, and have 6/38 hp.
MASSIVE DAMAGE!!
You now have 2/12 mp.
Casting: Stone Arrow (quite dangerous; 14% risk of failure)
Confirm with . or Enter, or press ? or * to list all spells.
You don't have enough magic to cast this spell.
A wraith is nearby!
Casting: Stone Arrow (quite dangerous; 14% risk of failure)
Confirm with . or Enter, or press ? or * to list all spells.
Aiming: Sandblast (safe; 1% risk of failure)
Press: ? - help, Shift-Dir - straight line, f/p - wraith
Aim: a wraith (severely damaged, 83% to hit)
The blast of sand hits the wraith but does no damage.
The wraith is severely damaged.
The wraith barely misses you. x2
You now have 1/12 mp.
Casting: Sandblast (safe; 1% risk of failure)
Confirm with . or Enter, or press ? or * to list all spells.
Aiming: Sandblast (safe; 1% risk of failure)
Press: ? - help, Shift-Dir - straight line, f/p - wraith
Aim: a wraith (severely damaged, 83% to hit)
The blast of sand hits the wraith.
The wraith is severely damaged.
The wraith closely misses you. The wraith hits you.
* * * LOW HITPOINT WARNING * * *
You take 3 damage, and have 4/38 hp.
You now have 0/12 mp.
It was a potion of degeneration.
There was something very wrong with that liquid.
You feel weakened.
You feel dopey.
You feel clumsy. The wraith hits you.
You die...

###############
...............
...............
#####'#####
##.........##
##...#####...##
##...##...##...##
#...##.....##...#
+...@W!!!.?.#...+
#...##.!!?.##...#
##...##...##...##
. ##...#####...##
...##.........##
....#####'#####..
.................
.................
########'''######


You could see a wraith.

Vanquished Creatures
  A scorpion (D:3)
  A mummy (Ossuary)
  4 gnolls (D:3)
  5 adders
  A worm (D:2)
  A dart slug (D:2)
  An orc (D:3)
  3 endoplasms
  A giant cockroach (D:1)
  4 goblins
  5 hobgoblins
  2 jackals (D:1)
  2 quokkas
  7 ball pythons
  8 bats
  3 frilled lizards (D:2)
  2 gnoll skeletons (Ossuary)
  8 kobolds
  A kobold skeleton (Ossuary)
  6 orc skeletons (Ossuary)
  9 rats
75 creatures vanquished.

Notes
Turn   | Place    | Note
-------+----------+-------------------------------------------
     0 | D:1      | spardeous the Demigod Earth Elementalist began the quest
                  | for the Orb.
     0 | D:1      | Reached XP level 1. HP: 14/14 MP: 5/5
    80 | D:1      | Reached skill level 3 in Earth Magic
   440 | D:1      | Reached XP level 2. HP: 20/20 MP: 4/7
  1082 | D:2      | Reached skill level 4 in Earth Magic
  1082 | D:2      | Reached XP level 3. HP: 26/26 MP: 5/8
  1986 | D:3      | Reached XP level 4. HP: 33/33 MP: 7/9
  2000 | D:3      | Reached skill level 5 in Earth Magic
  2323 | D:3      | Learned a level 3 spell: Stone Arrow
  2535 | D:3      | Reached XP level 5. HP: 38/38 MP: 7/12
  2988 | D:4      | Found a sand-covered staircase.
  3034 | Ossuary  | Entered an ossuary
  3034 | Ossuary  | Noticed a wraith
  3034 | Ossuary  | Noticed a wraith
  3034 | Ossuary  | Noticed a wraith
  3168 | Ossuary  | Noticed a wraith
  3195 | Ossuary  | Gained mutation: You are partially covered in iridescent
                  | scales. (AC +2) [potion of mutation]
  3195 | Ossuary  | Gained mutation: Your system is resistant to poisons.
                  | (rPois) [potion of mutation]
  3195 | Ossuary  | Gained mutation: Your movements are slightly less
                  | encumbered by armour. (ER -2) [potion of mutation]
  3202 | Ossuary  | Slain by a wraith

Illustrated notes

Levels and vault maps discovered:
D:1:      nzn_arrival_water_spiral, layout_basic
D:2:      minmay_chambers_of_ones, layout_loops_ring, basic_altar
D:3:      layout_loops_corners, mainiacjoe_overflow_brackets,
          ebering_ecumenical_altar_mist
D:4:      layout_layer_cave, mainiacjoe_overflow_catwalk, temple_statues,
          enter_ossuary_3, kennysheep_windowed_goal
Ossuary:  ossuary_due_mausoleum

Skill      XL: |  1  2  3  4  5 |
---------------+----------------+-----
Earth Magic    | 3 4 5 |  5.1
Spellcasting   | 2 3 |  3.2
Dodging        | |  1.7
Stealth        | |  1.7
Transmutations | |  0.8

Action                     |  1- 3 |  4- 6 || total
---------------------------+-------+-------++-------
  Melee: Short sword       |     2 |     1 ||     3
   Cast: Sandblast         |    62 |    50 ||   112
         Stone Arrow       |       |     1 ||     1
    Use: Potion            |       |     5 ||     5
 Armour: Robe              |     2 |     1 ||     3
  Dodge: Dodged            |    11 |    20 ||    31
